 Dungeon Crawl Stone Soup version 0.17-a0-968-gf8e1f1d (webtiles) character file.

79 squibie the Slasher (level 3, 29/29 HPs)
             Began as a Demigod Gladiator on May 9, 2015.
             Quit the game on level 3 of the Dungeon on Aug 2, 2015.
             The game lasted 00:04:28 (2498 turns).

squibie the Slasher (Demigod Gladiator)             Turns: 2498, Time: 00:04:29

Health: 29/29      AC:  5    Str: 21    XL:     3   Next: 97%
Magic:  5/5        EV: 16    Int: 12    God:
Gold:   177        SH:  0    Dex: 18    Spells: 0 memorised, 2 levels left

rFire  . . .     SeeInvis .     a - +0 long sword
rCold  . . .     Clarity  .     b - +0 leather armour
rNeg   . . .     SustAb   +     (no shield)
rPois  .         Gourm    .     c - +0 helmet
rElec  .         Spirit   .     p - +0 cloak
rCorr  .         Warding  .     (no gloves)
rMut   .         Stasis   .     (no boots)
MR     .....                    (no amulet)
Stlth  +.........               t - +3 ring of strength
                                f - +3 ring of evasion

@: not resistant to hostile enchantments, very unstealthy
A: high mp 1, sustain abilities
a: no special abilities


You were on level 3 of the Dungeon.
You were hungry.

You visited 1 branch of the dungeon, and saw 3 of its levels.

You collected 177 gold pieces.

Inventory:

Hand weapons
 a - a +0 long sword (weapon)
Missiles
 d - 3 throwing nets (quivered)
 l - 9 tomahawks
Armour
 b - a +0 leather armour (worn)
 c - a +0 helmet (worn)
 p - a +0 cloak (worn)
 x - a +2 shield
Jewellery
 f - a +3 ring of evasion (left hand)
 m - an uncursed ring of protection from cold
 t - a +3 ring of strength (right hand)
 z - an uncursed ring of protection from fire {unknown}
Scrolls
 g - a scroll of recharging {unknown}
 h - a scroll of noise {unknown}
 i - a scroll of random uselessness {unknown}
 k - a scroll of fear {unknown}
 o - 2 scrolls of identify {unknown}
 s - a scroll of blinking {unknown}
 u - a scroll of enchant weapon {unknown}
 w - a scroll of amnesia {unknown}
 y - a scroll of remove curse {unknown}
Potions
 n - a potion of resistance {unknown}
 q - a potion of curing {unknown}
 r - a potion of degeneration {unknown}
 v - a potion of lignification {unknown}
Comestibles
 e - a bread ration
 j - a meat ration


   Skills:
 - Level 2.0 Fighting
 + Level 4.3 Long Blades
 - Level 1.8 Throwing
 - Level 2.8 Dodging


You had 2 spell levels left.
You didn't know any spells.

Dungeon Overview and Level Annotations

Branches:
Dungeon (3/15)


Innate Abilities, Weirdness & Mutations

You have an increased reservoir of magic (+10% MP).
Your attributes are resistant to harm.


Message History

You see here a giant gecko corpse.
You see here a runed shield.
x - a runed shield Wear which item? (? for menu, Esc to quit)
You start putting on your armour.
You continue putting on your runed shield. x4
You finish putting on your +2 shield.
You start removing your armour.
You continue taking off your +2 shield.
You continue taking off your +2 shield. x3
You finish taking off your +2 shield.
You drop a +2 shield.
x - a +2 shield You are feeling hungry.
y - a scroll labeled XUPAINTAEX
z - a runed peridot ring Put on which piece of jewellery? (? for menu, Esc to quit)
Okay, then.
Welcome back, squibie the Demigod Gladiator.
Press ? for a list of commands and other information.
Are you sure you want to abandon this character and quit the game? (Confirm with "yes".)

#. #..... #..#
##.... .# #.#..
.. #.### ###. #
#.# #.. .# ...
#.##.# #..
#.######.#..##.#
.#.
#.....@.......#
#
########.#.###.#
#.#.# #.#.#
#.#.# #.#.#
###.#.# #.#
#.....# #.#
###.#.#.######.#


There were no monsters in sight!

Vanquished Creatures
  4 adders
  A worm (D:2)
  5 giant geckos
  4 goblins
  A hobgoblin (D:3)
  3 kobolds (D:3)
  2 quokkas
  A ball python (D:2)
  4 bats
  2 giant cockroaches
  4 giant newts
  7 rats
38 creatures vanquished.

Notes
Turn   | Place    | Note
--------------------------------------------------------------
     0 | D:1      | squibie, the Demigod Gladiator, began the quest for the Orb.
     0 | D:1      | Reached XP level 1. HP: 17/17 MP: 3/3
   811 | D:2      | Reached skill level 3 in Long Blades
   811 | D:2      | Reached XP level 2. HP: 1/24 MP: 4/4
  1495 | D:2      | Found an opulent altar of Gozag.
  1495 | D:2      | Found a white marble altar of Elyvilon.
  1543 | D:2      | Reached XP level 3. HP: 27/29 MP: 5/5
  1892 | D:2      | Reached skill level 4 in Long Blades
  2261 | D:3      | Found a glowing golden altar of the Shining One.
  2498 | D:3      | Quit the game

Action                   || total
-------------------------++-------
Melee: Long sword        ||   115
Throw: Throwing net      ||     5
       Tomahawk          ||     3
  Eat: Bread ration      ||     1
